 Dungeon Crawl Stone Soup version 0.31-a0-255-g9c3d1c461a (webtiles) character file.

Game seed: 2910886792561901232

45 qw the Shooter (level 3, -1/21 HPs)
             Began as a Gargoyle Hexslinger on July 12, 2023.
             Slain by Robin
             ... wielding a +0 club
              (3 damage)
             ... on level 2 of the Dungeon.
             The game lasted 00:00:25 (1174 turns).

qw the Shooter (Gargoyle Hexslinger)                Turns: 1174, Time: 00:00:26

Health: -1/21      AC:  6    Str: 11    XL:     3   Next: 64%
Magic:  4/4        EV: 12    Int: 13    God:
Gold:   59         SH:  0    Dex: 14    Spells: 3/4 levels left

rFire   . . .        Y - +2 sling
rCold   . . .        (no shield)
rNeg    + . .        c - +0 robe
rPois   inf          (no helmet)
rElec   +            (no cloak)
rCorr   .            (no gloves)
SInv    .            h - +0 pair of boots
Will    .....        f - amulet of the acrobat
Stlth   +            (no ring)
HPRegen 0.23/turn    (no ring)
MPRegen 0.09/turn

%: acrobat
@: no status effects
A: sickness immunity, AC +3, negative energy resistance 1, electricity
resistance, torment resistance 1, petrification resistance
a: no special abilities


You were on level 2 of the Dungeon.
You visited 1 branch of the dungeon, and saw 2 of its levels.

You collected 59 gold pieces.


Innate Abilities, Weirdness & Mutations

You are immune to sickness and miasma.
Your stone body is resilient. (AC +3)
You are immune to poison.
You resist negative energy. (rN+)
You are resistant to electric shocks. (rElec)
You are resistant to unholy torment.
You are immune to petrification.


   Skills:
 - Level 2.0 Fighting
 + Level 3.5 Ranged Weapons
 - Level 1.5 Dodging
 - Level 1.0 Spellcasting
 - Level 2.6 Hexes


You had 3 spell levels left.
You knew the following spells:

 Your Spells              Type           Power      Damage    Failure   Level
a - Slow                  Hex            28%        N/A       10%         1

Your spell library contained the following spells:

 Spells                   Type           Power      Damage    Failure   Level
 Inner Flame              Hex/Fire       4%         N/A       43%         3
 Portal Projectile        Hex/Tloc       8%         N/A       43%         3
 Cause Fear               Hex            3%         N/A       67%         4

Inventory:

Hand Weapons
 Y - a +2 sling (weapon)
Armour
 c - a +0 robe (worn)
 h - a +0 pair of boots (worn)
Jewellery
 f - an amulet of the acrobat (around neck)
Scrolls
 a - a scroll of fog {unknown}
 b - 2 scrolls of teleportation {unknown}
Potions
 d - a potion of brilliance {unknown}
 e - 2 potions of degeneration {unknown}
 i - a potion of haste {unknown}

Dungeon Overview and Level Annotations

Branches:
Dungeon (2/15)

Altars:

Shops:
D:2 (

Annotations:
D:2 Robin


Message History

You shoot a sling bullet.
The sling bullet barely misses the goblin.
The sling bullet barely misses the hobgoblin.
Robin throws the goblin at you! The goblin barely misses you.
The goblin hits you but does no damage.
You shoot a sling bullet. The sling bullet hits the goblin!
You kill the goblin!
The goblin hits you but does no damage. The goblin hits you with a +0 dagger.
The rat misses you.
The goblin hits you but does no damage. x2
You shoot a sling bullet. The sling bullet hits the rat.
You kill the rat!
The goblin barely misses you. The goblin misses you.
You shoot a sling bullet.
The sling bullet closely misses the hobgoblin.
The sling bullet hits the hobgoblin.
The hobgoblin is severely wounded.
The hobgoblin barely misses you. The goblin closely misses you.
The goblin hits you with a +0 dagger.
You shoot a sling bullet.
The sling bullet barely misses the hobgoblin.
The sling bullet hits the hobgoblin.
You kill the hobgoblin!
The hobgoblin barely misses you. The goblin closely misses you.
The goblin hits you with a +0 dagger.
You shoot a sling bullet. The sling bullet hits the hobgoblin!
You kill the hobgoblin!
The goblin barely misses you. The goblin hits you but does no damage.
Robin barely misses you. The goblin hits you but does no damage.
The goblin barely misses you.
You shoot a sling bullet.
The sling bullet hits Robin but does no damage.
Robin throws the goblin at you! The goblin hits you but does no damage.
The goblin hits you with a +0 dagger. The goblin barely misses you.
You shoot a sling bullet. The sling bullet closely misses Robin.
The goblin hits you with a +0 dagger. The goblin closely misses you.
The goblin hits you but does no damage.
You shoot a sling bullet. The sling bullet hits Robin.
Robin is lightly wounded.
Robin hits you with a +0 club.
You die...

.####...........##.# #
.......#.#.#######.#.#
.......#.#.......%.#.#
.....................#
.......#.............###
.........................
....##..............#####
....##.........gg.......
....##...#######@#####.#
............# #gg...# .
.(..........# #g.......
............# #........
............# #........
............# #........
............# #........
#########.### #........
#.#


You could see Robin and 4 goblins.

Vanquished Creatures
  An adder (D:2)
  4 bats
  A giant cockroach (D:1)
  4 goblins
  7 hobgoblins
  6 jackals (D:2)
  A kobold (D:1)
  A quokka (D:2)
  2 ball pythons (D:2)
  A frilled lizard (D:1)
  3 rats
  A butterfly (D:1)
32 creatures vanquished.

Notes
Turn   | Place    | Note
-------+----------+-------------------------------------------
     0 | D:1      | qw the Gargoyle Hexslinger began the quest for the Orb.
     0 | D:1      | Reached XP level 1. HP: 12/12 MP: 2/2
     0 | D:1      | 0 ||| qw: Version: 0.3-a-52-g30416fa
     0 | D:1      | 0 ||| qw: Game counter: 6690
     0 | D:1      | 0 ||| qw: Melee chars always use a shield: true
     0 | D:1      | 0 ||| qw: God list: Okawaru
     0 | D:1      | 0 ||| qw: Allow faded altars: false
     0 | D:1      | 0 ||| qw: Do Orc after clearing Dungeon:15 true
     0 | D:1      | 0 ||| qw: Do second Lair branch before Depths: true
     0 | D:1      | 0 ||| qw: Lair rune preference: random
     0 | D:1      | 0 ||| qw: Goals: Normal
     0 | D:1      | 0 ||| PLANNING D:1-11
    88 | D:1      | Reached XP level 2. HP: 16/16 MP: 3/3
   512 | D:1      | 512 ||| UPGRADING to +0 pair of boots.
   517 | D:1      | 517 ||| UPGRADING to amulet of the acrobat.
   522 | D:1      | 522 ||| READING 2 scrolls labelled UPRYCIZUCO.
   523 | D:1      | 523 ||| READING scroll labelled CIOXUTW FOUTO.
   524 | D:1      | 524 ||| READING scroll labelled IVOZEYGUORU.
   525 | D:1      | 525 ||| DROPPING scroll of vulnerability.
   526 | D:1      | 526 ||| DROPPING scroll of poison.
   633 | D:2      | Reached skill level 3 in Ranged Weapons
   849 | D:2      | Reached XP level 3. HP: 21/21 MP: 4/4
  1069 | D:2      | Found Ozyjas's Antique Weapon Shoppe.
  1078 | D:2      | 1078 ||| SHOPLISTING runed orcbow (149 gold, have 59).
  1078 | D:2      | 1078 ||| SHOPLISTING shortbow (69 gold, have 59).
  1160 | D:2      | Noticed Robin
  1169 | D:2      | HP: 5/21 [goblin/+0 dagger[Robin] (5)]
  1173 | D:2      | HP: 1/21 [goblin/+0 dagger[Robin] (2)]
  1174 | D:2      | Slain by Robin

Levels and vault maps discovered:
D:1:      minmay_arrival_shattered_statue, layout_rooms, serial_rivers,
          chequers_serial_rivers_room_b, chequers_serial_rivers_micro_e,
          chequers_serial_rivers_micro_c, chequers_serial_rivers_small_b,
          chequers_serial_rivers_large_b, hangedman_glass_garden,
          grunt_decor_cap
D:2:      layout_basic, serial_shops, shop, basic_altar, uniq_robin

Skill      XL: |  1  2 |
---------------+-------+-----
Ranged Weapons | 3 |  3.5
Fighting       | 2 |  2.0
Dodging        | |  1.5
Spellcasting   | |  1.0
Hexes          | |  2.6

Action                     || total
---------------------------++-------
   Fire: Sling             ||   104
    Use: Scroll            ||     3
 Armour: Robe              ||    31
  Dodge: Dodged            ||    57

Table legend:
 A = Non-vault XP
 B = Vault XP
 C = Vault XP percentage of total XP
 D = Non-vault monster count
 E = Vault monster count
 F = Vault count percentage of total count
                 A         B        C        D         E       F
            +---------+---------+-------+---------+---------+-------
      Total |      51 |      14 |  21.5 |      24 |       7 |  22.6
            +---------+---------+-------+---------+---------+-------
        D:1 |      17 |       0 |   0.0 |      10 |       0 |   0.0
        D:2 |      34 |      14 |  29.2 |      14 |       7 |  33.3
            +---------+---------+-------+---------+---------+-------
